Description

General Goal

The general concept of this build is going skyterran. Toss nowadays don't expect speed banshees in masses. Use them to snipe nexuses and cripple the opponents economy as much as you can. The mines are used over the entirety of the game to keep the toss army in check. Try in general to use the mines also for runbys, harass and also to build traps e.g. If the toss wants to blink under your banshees have mines ready to snipe them. etc. The later stages of the game if you can't finish the toss with the banshees a BC switch is necessary. Also here the mines are used to protect the BCs from whatever the toss throws at u.

Phase 1

First step of the game is to go for mass banshees with speed to keep the toss in his base and defend. Build up your banshee count and try to harass as much as you can. Always plant a few widow mines at your flight entrance. Meaning: If you enter the toss base at the top base, plant 3 widow mines there. If the toss goes for phoenixes retreat into the widow mine trap so the toss looses his phoenixes.

Phase 2

Depending on how your opponent reacts to your mass banshee mines combo you can finish him with banshees and mines, just add more banshees to overpower the stalkers and constant harass his mineral lines if he sticks with blink stalkers, or, if he transitions into air, transition into BCs and use mines to keep the toss army in check so they can't engage the BCs. You have to have a fusion core ready either way. The biggest threat to BCs are tempests which can't engage BCs if mines are around. Try to plant the widow mines under the tempests to snipe them.

Keep in mind: At the start you need a few tanks to get your production up and don't die to an all-in from the toss.

Vod starts at 1h:15 with the build.

VOD

https://www.twitch.tv/videos/704158515

Replay - ToIsengard v uwuThermal - Ever Dream LE

Build Order

Get SALT Encoding   

  12  0:01  SCV  
  13  0:13  SCV  
  14  0:17  Supply Depot  
  14  0:25  SCV  
  15  0:39  SCV, Barracks  
  16  0:44  Refinery  
  16  0:51  SCV  
  17  1:03  SCV  
  18  1:15  SCV  
  19  1:27  Orbital Command, Reaper  
  20  1:39  Command Center  
  20  1:50  Supply Depot  
  20  1:53  SCV  
  21  1:59  Marine  
  22  2:06  SCV  
  23  2:09  Factory  
  23  2:16  Bunker  
  23  2:18  SCV  
  23  2:21  Barracks Reactor  
  24  2:27  Refinery  
  26  2:51  Orbital Command  
  26  2:55  Hellion  
  26  2:56  Starport  
  26  2:57  Marine x2  
  31  3:15  Marine x2  
  31  3:18  Factory Tech Lab  
  35  3:29  Supply Depot  
  35  3:33  Marine x2  
  39  3:46  Factory Tech Lab  
  41  3:49  Cloaking Field, Banshee  
  41  3:51  Marine  
  46  4:07  Marine x2  
  48  4:12  Siege Tank  
  48  4:13  Supply Depot  
  53  4:27  Command Center  
  54  4:34  Banshee  
  58  4:39  Supply Depot  
  58  4:45  Refinery x2  
  62  5:01  Siege Tank  
  70  5:30  Banshee  
  70  5:32  Hyperflight Rotors  
  74  5:36  Engineering Bay  
  74  5:41  Orbital Command  
  75  5:44  Widow Mine x2  
  80  5:50  Factory  
  81  6:02  Armory  
  82  6:05  Widow Mine x2  
  88  6:13  Banshee  
  92  6:24  Missile Turret  
  93  6:27  Orbital Command  
  93  6:28  Widow Mine x2  
  98  6:34  Refinery x2  
  98  6:36  Starport x2  
  99  6:42  Siege Tank  
  103  6:49  Widow Mine x2  
  103  6:51  Terran Vehicle And Ship Armor Level 1  
  103  6:53  Missile Turret  
  111  7:01  Banshee  
  111  7:02  Missile Turret x3  
  116  7:17  Starport Tech Lab x2  
  116  7:22  Widow Mine, Siege Tank  
  118  7:37  Banshee  
  120  7:43  Widow Mine  
  125  7:48  Banshee x2  
  125  7:49  Drilling Claws  
  134  7:54  Siege Tank  
  134  7:57  Command Center  
  140  8:21  Banshee  
  140  8:26  Siege Tank  
  146  8:29  Missile Turret  
  146  8:30  Banshee  
  149  8:34  Command Center  
  149  8:40  Starport x2  
  156  8:43  Neosteel Armor  
  156  8:45  Missile Turret  
  156  8:54  Command Center  
  156  8:58  Fusion Core  
Spawning Tool Build Advisor. Get it on Overwolf

Go to:

Details

  • Created by: utopien
  • Published on: Aug 09, 2020
  • Modified on: Aug 09, 2020
  • Patch: 4.11.0
  • Difficulty: Medium
Show
View Real Time Build Order
Export as new Build Order

Comments (0)

There are no comments. Be the first!

Create an account to comment!